 Dungeon Crawl Stone Soup version 0.29.0-13-gc9e81de378 (webtiles) character file.

Game seed: 5583537765121812075

7937 funkygono the Thaumaturge (level 11, -9/58 HPs)
             Began as a Gargoyle Fire Elementalist on Sept 8, 2022.
             Was a Priest of Vehumet.
             Killed by divine providence
             ... invoked by an orc priest
              (17 damage)
             ... on level 11 of the Dungeon on Sept 9, 2022.
             The game lasted 00:25:40 (13233 turns).

funkygono the Thaumaturge (GrFE)                   Turns: 13233, Time: 00:25:41

Health: -9/58      AC: 24    Str: 11    XL:     11   Next: 23%
Magic:  18/24      EV: 15    Int: 30    God:    Vehumet [***...]
Gold:   561        SH:  5    Dex: 21    Spells: 16/29 levels left

rFire   . . .      SeeInvis .   d - +6 whip (holy)
rCold   x . .      Faith    .   (no shield)
rNeg    + . .      Spirit   .   a - +0 robe
rPois   ∞          Reflect  +   f - +2 hat
rElec   +          Harm     .   w - +1 cloak
rCorr   .          Rampage  .   j - +2 pair of gloves of Dishonesty {Int+3 Dex+5}
Will    .....                   n - +2 pair of boots of Terrible Miracles {rC- Dex+6}
Stlth   ++........              i - amulet of reflection
HPRegen 0.19/turn               e - +6 ring of intelligence
MPRegen 0.19/turn               t - +4 ring of protection

@: no status effects
A: sickness immunity, AC +8, negative energy resistance 1, electricity
resistance, torment resistance 1, petrification resistance
a: Renounce Religion


You were on level 11 of the Dungeon.
You worshipped Vehumet.
Vehumet was most pleased with you.
You visited 2 branches of the dungeon, and saw 12 of its levels.

You collected 561 gold pieces.

Inventory:

Hand Weapons
 d - a +6 whip of holy wrath (weapon)
 H - a +2 flail of holy wrath
Armour
 a - a +0 robe (worn)
 c - an orb of energy
 f - a +2 hat (worn)
 j - the +2 pair of gloves of Dishonesty (worn) {Int+3 Dex+5}
   (You found it on level 2 of the Dungeon)

   Int:       It affects your intelligence (+3).
   Dex:       It affects your dexterity (+5).
 n - the +2 pair of boots of Terrible Miracles (worn) {rC- Dex+6}
   (You found it on level 5 of the Dungeon)

   Dex:       It affects your dexterity (+6).
   rC:        It makes you vulnerable to cold.
 w - a +1 cloak (worn)
Magical Staves
 k - a staff of air
 x - a staff of poison
Jewellery
 e - a +6 ring of intelligence (left hand)
 i - an amulet of reflection (around neck)
 p - a ring of positive energy
 r - a +4 ring of slaying
 t - a +4 ring of protection (right hand)
 y - a +6 ring of strength
 I - a ring of protection from fire
Wands
 s - a wand of digging (5)
 C - a wand of flame (8)
Scrolls
 h - 3 scrolls of identify
 o - 6 scrolls of teleportation
 A - a scroll of poison
 E - 2 scrolls of fear
 G - a scroll of butterflies
 K - a scroll of amnesia
Potions
 b - 3 potions of magic
 l - 3 potions of flight
 m - 2 potions of curing
 q - 2 potions of invisibility
 z - a potion of heal wounds
 B - a potion of mutation
 L - a potion of berserk rage
Miscellaneous
 J - a box of beasts


   Skills:
 + Level 2.4 Fighting
 + Level 4.6 Maces & Flails
 + Level 4.3 Dodging
 - Level 2.1 Stealth
 + Level 1.0 Shields
 + Level 9.8 Spellcasting
 + Level 8.0 Conjurations
 + Level 9.3 Fire Magic


You had 16 spell levels left.
You knew the following spells:

 Your Spells              Type           Power      Damage    Failure   Level
a - Foxfire               Conj/Fire      100%       2x1d9     1%          1
b - Scorch                Fire           100%       2d10      1%          2
c - Conjure Flame         Conj/Fire      61%        6-21      1%          3
d - Flame Wave            Conj/Fire      61%        2d14      1%          4
e - Magic Dart            Conj           100%       1d8       1%          1
f - Searing Ray           Conj           100%       2d8       1%          2

Your spell library contained the following spells:

 Spells                   Type           Power      Damage    Failure   Level
 Frozen Ramparts          Ice            28%        1d5       3%          3
 Shock                    Conj/Air       100%       1d9       1%          1
 Inner Flame              Hex/Fire       42%        N/A       1%          3
 Necrotise                Necr           56%        1d6       3%          1
 Blink                    Tloc           28%        N/A       5%          2
 Irradiate                Conj/Tmut      19%        3d18      5%          5
 Airstrike                Air            7%         2d(1-17)  10%         4
 Lesser Beckoning         Tloc           14%        N/A       11%         3
 Swiftness                Air            14%        N/A       11%         3
 Tukima's Dance           Hex            14%        N/A       11%         3
 Yara's Violent Unravell  Hex/Tmut       7%         3d5       24%         5
 Conjure Ball Lightning   Conj/Air       19%        3x3d6     26%         6
 Corpse Rot               Necr/Pois/Air  14%        N/A       34%         4
 Passage of Golubria      Tloc           14%        N/A       34%         4
 Petrify                  Tmut/Erth      14%        N/A       34%         4
 Manifold Assault         Tloc           14%        N/A       69%         5
 Death Channel            Necr           7%         N/A       99%         6
 Malign Gateway           Summ/Tloc      7%         N/A       100%        7
 Borgnjor's Revivificati  Necr           7%         N/A       100%        8
 Necromutation            Tmut/Necr      7%         N/A       100%        8
 Summon Horrible Things   Summ           7%         N/A       100%        8
 Death's Door             Necr           7%         N/A       100%        9
 Sublimation of Blood     Necr           Unusable   N/A       N/A         2

Dungeon Overview and Level Annotations

Branches:
Dungeon (11/15)            Temple (1/1) D:6            Lair (0/5) D:10
    Orc (0/2) D:10

Altars:
Ashenzari
Cheibriados
Dithmenos
Elyvilon
Fedhas
Gozag
Hepliaklqana
Kikubaaqudgha
Makhleb
Nemelex Xobeh
Okawaru
Qazlal
Ru
Sif Muna
Trog
Uskayaw
Vehumet
Wu Jian
Xom
Yredelemnul
Zin
The Shining One

Annotations:
D:6 Pikel
D:11 Erica


Innate Abilities, Weirdness & Mutations

You are immune to sickness and miasma.
Your stone body is resilient. (AC +8)
You are immune to poison.
You resist negative energy. (rN+)
You are resistant to electric shocks. (rElec)
You are resistant to unholy torment.
You are immune to petrification.


Message History

Erica screams, "You'll never get it!"
The foxfire hits Erica but does no damage.
Erica is lightly wounded.
Casting: Foxfire (safe; 1% risk of failure)
Confirm with . or Enter, or press ? or * to list all spells.
You conjure some foxfire!
The foxfire hits Erica.
Erica is lightly wounded.
The foxfire hits the orc priest.
The orc priest is moderately wounded.
The orc warrior shoots a bolt.
The bolt hits you but does no damage.
An orc comes into view. It is wielding a +0 trident.
You hear a shout!
Casting: Foxfire (safe; 1% risk of failure)
Confirm with . or Enter, or press ? or * to list all spells.
You conjure some foxfire!
The foxfire hits Erica.
Erica is moderately wounded.
The foxfire hits Erica.
Erica is moderately wounded.
The orc warrior shoots a bolt.
The bolt hits you!
The orc priest calls down the wrath of Beogh upon you.
Beogh smites you!
Casting: Foxfire (safe; 1% risk of failure)
Confirm with . or Enter, or press ? or * to list all spells.
You conjure some foxfire!
The foxfire hits Erica.
Erica is moderately wounded.
The foxfire hits the orc priest.
The orc priest is severely wounded.
The orc warrior shoots a bolt.
The bolt hits you!
* * * LOW HITPOINT WARNING * * *
The foxfire hits Erica.
Erica is moderately wounded.
The foxfire hits Erica.
Erica is moderately wounded.
The orc warrior shoots a bolt.
The bolt hits you!
* * * LOW HITPOINT WARNING * * *
Erica screams, "Coming here was suicide!
For you!" Erica hits you but does no damage.
The orc priest calls down the wrath of Beogh upon you.
Beogh smites you!
You die...

#..<........
#...........
#.......oo.C
#........)..
####.....§..)..
.[......§.o....
......§§.......
#....@.......
#....@.......
#............
#............
#............
#............
#............
#............


You could see Erica, a cyclops, an orc warrior, an orc priest and an orc.

Vanquished Creatures
  An unseen horror (D:10)
  Joseph (D:10)
  A kobold demonologist (D:10)
  A troll (D:9)
  Prince Ribbit (D:6)
  3 wyverns
  2 basilisks (D:10)
  An acid dragon (D:10)
  4 water moccasins
  2 wargs (D:10)
  Duvessa (D:6)
  5 black bears
  A sky beast (D:7)
  An ice beast (D:7)
  5 orc warriors
  An ogre (D:7)
  A phantom (D:5)
  3 centaurs
  11 kobold brigands
  4 bullfrogs
  2 gnoll sergeants
  A necrophage (D:5)
  4 scorpions
  Dowan (D:6)
  8 wights
  5 killer bees
  3 howler monkeys
  7 orc priests
  Crazy Yiuf (D:6)
  8 hounds
  A jelly (D:4)
  A gnoll bouda (D:3)
  3 iguanas
  12 orc wizards
  23 gnolls
  9 adders
  A shadow imp (D:7)
  A white imp (D:5)
  3 ufetubi
  A worm (D:2)
  A dart slug (D:4)
  58 orcs
  A bat zombie (D:7)
  10 endoplasms
  3 giant cockroaches
  5 goblins
  4 hobgoblins
  21 jackals
  3 quokkas (D:4)
  5 ball pythons
  11 bats
  3 frilled lizards (D:3)
  41 kobolds
  4 rats
  4 rat zombies (D:7)
  10 bushes (D:10)
329 creatures vanquished.

Vanquished Creatures (others)
  811 foxfires
  9 fungi (D:10)
  18 plants
838 creatures vanquished.

Grand Total: 1167 creatures vanquished

Notes
Turn   | Place    | Note
-------+----------+-------------------------------------------
     0 | D:1      | funkygono the Gargoyle Fire Elementalist began the quest
                  | for the Orb.
     0 | D:1      | Reached XP level 1. HP: 10/10 MP: 3/3
   339 | D:1      | Reached XP level 2. HP: 12/15 MP: 3/5
   529 | D:1      | Got the Writings on Blows and Bruises and the Crypt
  1018 | D:2      | Found an iron altar of Okawaru.
  1062 | D:2      | Reached skill level 1 in Maces & Flails
  1062 | D:2      | Reached XP level 3. HP: 19/19 MP: 3/6
  1067 | D:2      | Learned a level 2 spell: Scorch
  1071 | D:2      | Learned a level 3 spell: Conjure Flame
  1388 | D:2      | Found a faded altar of an unknown god.
  1399 | D:2      | Identified the +2 pair of gloves of Dishonesty {Int+3
                  | Dex+5}
  1790 | D:3      | Reached XP level 4. HP: 24/24 MP: 4/7
  2302 | D:3      | Reached XP level 5. HP: 28/28 MP: 3/9
  2875 | D:3      | Reached XP level 6. HP: 33/33 MP: 6/11
  3626 | D:3      | Reached skill level 5 in Fire Magic
  3626 | D:3      | Reached XP level 7. HP: 35/37 MP: 6/13
  4203 | D:3      | Learned a level 4 spell: Flame Wave
  5309 | D:4      | Found a sacrificial altar of Ru.
  5493 | D:4      | Reached skill level 5 in Spellcasting
  5596 | D:5      | Entered Level 5 of the Dungeon
  5604 | D:5      | Identified the +2 pair of boots of Terrible Miracles {rC-
                  | Dex+6}
  5668 | D:5      | Reached XP level 8. HP: 42/42 MP: 8/15
  5769 | D:5      | Found a stormy altar of Qazlal.
  5976 | D:5      | Found a sparkling altar of Nemelex Xobeh.
  6407 | D:6      | Noticed Pikel
  6465 | D:6      | Found a staircase to the Ecumenical Temple.
  6497 | Temple   | Entered the Ecumenical Temple
  6511 | Temple   | Became a worshipper of Vehumet
  6775 | D:6      | Found a shimmering blue altar of Sif Muna.
  6876 | D:6      | Noticed Dowan
  6880 | D:6      | Killed Dowan
  6886 | D:6      | Noticed Duvessa
  6900 | D:6      | Killed Duvessa
  7167 | D:6      | Noticed Prince Ribbit
  7177 | D:6      | Killed Prince Ribbit
  7178 | D:6      | Reached XP level 9. HP: 31/46 MP: 12/19
  7488 | D:6      | Found a runed translucent door.
  7489 | D:6      | Noticed Crazy Yiuf
  8004 | D:6      | Killed Crazy Yiuf
  8216 | D:7      | Reached skill level 5 in Conjurations
  8380 | D:7      | Found an ancient bone altar of Kikubaaqudgha.
  8738 | D:7      | Reached * piety under Vehumet
  8738 | D:7      | Offered knowledge of Magic Dart by Vehumet.
  9178 | D:7      | Learned a level 1 spell: Magic Dart
  9729 | D:8      | Reached skill level 1 in Fighting
  9763 | D:8      | Reached ** piety under Vehumet
  9763 | D:8      | Offered knowledge of Searing Ray by Vehumet.
  9793 | D:8      | Reached XP level 10. HP: 52/52 MP: 15/21
 10005 | D:8      | Learned a level 2 spell: Searing Ray
 10137 | D:8      | Found a shimmering altar of Xom.
 11449 | D:9      | Offered knowledge of Poisonous Vapours by Vehumet.
 11659 | D:10     | Entered Level 10 of the Dungeon
 11831 | D:10     | Noticed a kobold demonologist
 11833 | D:10     | Noticed a smoke demon
 11841 | D:10     | Killed an unseen horror
 11841 | D:10     | Reached *** piety under Vehumet
 11846 | D:10     | Killed a kobold demonologist
 11846 | D:10     | Noticed Joseph
 11857 | D:10     | Killed Joseph
 11976 | D:10     | Found a bloodstained altar of Trog.
 12029 | D:10     | Reached XP level 11. HP: 46/57 MP: 14/24
 12047 | D:10     | Offered knowledge of Frozen Ramparts by Vehumet.
 12170 | D:10     | Found a staircase to the Lair.
 12345 | D:10     | Found a staircase to the Orcish Mines.
 12369 | D:10     | Reached skill level 1 in Shields
 13224 | D:11     | Noticed Erica
 13233 | D:11     | Noticed a cyclops
 13233 | D:11     | Killed from afar by an orc priest

Illustrated notes

Levels and vault maps discovered:
D:1:      ebering_hopf_link, layout_basic, lemuel_another_geyser
D:2:      layout_basic, basic_altar, ebering_ecumenical_altar_petrified
D:3:      lemuel_castle_with_subvaults [lemuel_castle_interior_carwin_1],
          layout_basic
D:4:      layout_basic, lemuel_coloured_pillars_altar, minmay_quantized
D:5:      layout_rooms, nicolae_qazlal_eye_of_the_storm,
          mainiacjoe_overflow_tiny_flanked
D:6:      layout_basic, nicolae_overflow_hidden_temple,
          minmay_temple_entry_mist, serial_bayou_pond_c, roderic_batcave,
          uniq_duvessa, uniq_pikel, uniq_prince_ribbit1, uniq_crazy_yiuf_cottage
D:7:      layout_basic, lemuel_zombie_altar_kikubaaqudgha, minmay_crossroads
D:8:      layout_loops_corners, lemuel_doored_altar
D:9:      layout_rooms
D:10:     layout_cave_pods, overflow_temple_1_default, minmay_lair_entry_grove,
          david_orc_1_choice, minmay_misc_feat_rows, uniq_joseph
D:11:     layout_long_grid, uniq_sonja, uniq_erica
Temple:   eino_wide_crystal_templ

Skill      XL: |  1  2  3  4  5  6  7  8  9 10 11 |
---------------+----------------------------------+-----
Maces & Flails | 1 2 3 4 |  4.6
Conjurations   | 2 3 4 6 7 8 |  8.0
Fire Magic     | 4 5 6 8 9 |  9.3
Spellcasting   | 3 4 5 6 7 9 |  9.8
Dodging        | 2 3 4 |  4.3
Fighting       | 1 2 |  2.4
Shields        | 1 |  1.0
Stealth        | |  2.1

Action                   |  1- 3 |  4- 6 |  7- 9 | 10-12 || total
-------------------------+-------+-------+-------+-------++-------
Melee: Whip              |    31 |    13 |    66 |    89 ||   199
       Punch             |       |       |     1 |     1 ||     2
 Cast: Foxfire           |    43 |   127 |   248 |    50 ||   468
       Scorch            |       |     2 |    20 |    12 ||    34
       Flame Wave        |       |       |     6 |    32 ||    38
       Conjure Flame     |       |       |     5 |     4 ||     9
       Searing Ray       |       |       |       |     2 ||     2
  Use: Scroll            |     8 |       |     5 |    11 ||    24
       Potion            |       |       |     1 |     1 ||     2
 Stab: Sleeping          |     2 |       |       |       ||     2
Armor: Robe              |    12 |     8 |    50 |    80 ||   150
Dodge: Dodged            |    28 |    18 |    65 |   111 ||   222
Block: Other             |       |       |       |    11 ||    11
